 Dungeon Crawl Stone Soup version 0.32-a0-306-gfed3edf829 (webtiles) character file.

Game seed: 2585503969694027535

30 zenocrate the Sneak (level 3, -3/19 HPs)
             Began as a Vine Stalker Delver on Feb 14, 2024.
             Slain by an ogre
             ... wielding a +0 giant spiked club
              (22 damage)
             ... on level 3 of the Dungeon.
             The game lasted 00:00:20 (111 turns).

zenocrate the Sneak (Vine Stalker Delver)            Turns: 111, Time: 00:00:21

Health: -3/19      AC:  3    Str: 14    XL:     3   Next: 20%
Magic:  0/4        EV: 11    Int: 10    God:
Gold:   0          SH:  0    Dex: 17    Spells: 2/2 levels left

rFire   . . .        a - +0 short sword
rCold   . . .        (no shield)
rNeg    . . .        b - +0 leather armour
rPois   .            (no helmet)
rElec   .            (no cloak)
rCorr   .            (no gloves)
SInv    .            (no boots)
Will    .....        (no amulet)
Stlth   +++          (no ring)
HPRegen 1.03/turn    (no ring)
MPRegen 0.09/turn

%: guardian spirit
@: no status effects
A: fangs 2, regeneration 1, magic shield, antimagic bite, no potion heal 2
a: no special abilities


You were on level 3 of the Dungeon.
You visited 1 branch of the dungeon, and saw 3 of its levels.

Inventory:

Hand Weapons
 a - a +0 short sword (weapon)
Armour
 b - a +0 leather armour (worn)
Wands
 g - a wand of digging (3)
Scrolls
 c - a scroll of fog
 d - a scroll of revelation
 e - a scroll of fear
Potions
 f - a potion of haste
 h - a potion of invisibility {unknown}
 i - a potion of curing {unknown}


   Skills:
 - Level 2.6 Fighting
 + Level 2.6 Short Blades
 - Level 1.5 Dodging
 + Level 6.6 Stealth


You had 2 spell levels left.
You didn't know any spells.
Your spell library was empty.

Dungeon Overview and Level Annotations

Branches:
Dungeon (5/15)
 Temple: D:4-7

Altars:
Qazlal
Wu Jian


Innate Abilities, Weirdness & Mutations

You have extremely sharp teeth.
Your natural rate of healing is unusually fast.
When hurt, damage is shared between your health and your magic reserves.
Your bite disrupts and absorbs the magic of your enemies.
Potions cannot restore your health.


Message History

The hobgoblin closely misses you.
You hit the hobgoblin. Your bite misses the hobgoblin.
The hobgoblin is severely wounded.
The hobgoblin closely misses you.
You barely miss the hobgoblin.
You bite the hobgoblin, but do no damage.
The hobgoblin is severely wounded.
You closely miss the hobgoblin. You bite the hobgoblin.
You kill the hobgoblin!
No target in view!
Found 3 poisoned darts.
No target in view!
i - a murky purple potion Key pressed, stopping explore.
No target in view!
Found a stone staircase leading up.
No target in view!
An ogre and an adder come into view.
Found a runed dagger.
There are monsters nearby!
There are monsters nearby!
There are monsters nearby!
Found a stone staircase leading up.
The adder hisses angrily.
The ogre shouts!
The ogre attacks as it pursues you! The ogre barely misses you.
The adder closely misses you. The ogre attacks as it pursues you!
The ogre misses you.
There is a stone staircase leading up here.
The adder bites you.
You climb upwards.
Found 92 gold pieces, a scroll labelled HESYUCZ QESM and a hand axe.
There is a stone staircase leading down here.
Unknown command.
The adder attacks as it pursues you! The adder completely misses you.
The adder closely misses you. The ogre attacks as it pursues you!
The ogre closely misses you. The ogre attacks as it pursues you!
The ogre hits you with a +0 giant spiked club!!
Ouch! That really hurt!
You die...

#.###### ♣♣♣
##.#....### ##.P.♣
.)........###...P♣.
......$$$..#....PP♣
##....$⌠$..@..#
..?...$$$.O####
.........S.#
.......>##.#
...###.....#
#.##### #. #. #.


You could see an ogre and an adder.

Vanquished Creatures
  An iguana (D:4)
  2 hobgoblins (D:4)
  A kobold (D:4)
4 creatures vanquished.

Notes
Turn   | Place    | Note
-------+----------+-------------------------------------------
     0 | D:5      | zenocrate the Vine Stalker Delver began the quest for the
                  | Orb.
     0 | D:5      | Reached XP level 1. HP: 11/11 MP: 2/2
    11 | D:5      | Noticed an iguana
    41 | D:4      | Found a stormy altar of Qazlal.
    41 | D:4      | Found an ornate altar of the Wu Jian Council.
    41 | D:4      | Noticed an iguana
    44 | D:4      | Killed an iguana
    45 | D:4      | Reached XP level 2. HP: 16/16 MP: 3/3
    45 | D:4      | Reached XP level 3. HP: 19/19 MP: 4/4
    96 | D:4      | Noticed an ogre
   111 | D:3      | Slain by an ogre

Illustrated notes

Levels and vault maps discovered:
D:3:      layout_basic, dreamdust_wishing_well, uniq_ijyb, uniq_terence,
          uniq_jessica, uniq_crazy_yiuf_cottage
D:4:      layout_layer_cave, mainiacjoe_overflow_large_starburst,
          ebering_ghost_sewer_d, uniq_menkaure, uniq_robin
D:5:      kennysheep_windowed_halls, layout_basic, ebering_ghost_gozag

Skill      XL: |  1 |
---------------+----+-----
Short Blades   | 2 |  2.6
Fighting       | |  2.6
Dodging        | |  1.5
Stealth        | |  6.6

Action                     || total
---------------------------++-------
  Melee: Short sword       ||    23
         Bite              ||     6
   Stab: Sleeping          ||     1
 Armour: Leather armour    ||    12
  Dodge: Dodged            ||    16

Table legend: (Time is in decaauts)
 A = Elapsed time spent in this place.
 B = Non-inter-level travel time spent in this place.
 C = Inter-level travel time spent in this place.
 D = Time resting spent in this place.
 E = Time spent auto-exploring this place.
 F = Levels seen in this place.
 G = Mean time per level.
                   A        B        C        D        E       F      G
               +--------+--------+--------+--------+--------+-----+--------+
         Total |    107 |    107 |      0 |      0 |     46 |   3 |   35.7 |
       Dungeon |    107 |    107 |      0 |      0 |     46 |   3 |   35.7 |
               +--------+--------+--------+--------+--------+-----+--------+

Top non-repeatable levels by time:
     D:4: 79 daAuts
     D:5: 22 daAuts
     D:3: 5 daAuts
